 Dungeon Crawl Stone Soup version 0.19.1 (webtiles) character file.

289 shezar the Bolt Thrower (level 6, 0/42 HPs)
             Began as a High Elf Hunter on Dec 19, 2016.
             Slain by an ogre
             ... wielding a +0 giant club
              (10 damage)
             ... on level 4 of the Dungeon on Dec 20, 2016.
             The game lasted 00:25:33 (1671 turns).

shezar the Bolt Thrower (High Elf Hunter)           Turns: 1671, Time: 00:25:34

Health: 0/42       AC:  6    Str: 12    XL:     6   Next: 9%
Magic:  7/7        EV: 12    Int: 15    God:
Gold:   128        SH:  0    Dex: 17    Spells: 0 memorised, 5 levels left

rFire  . . .     SeeInvis .     o - +0 whip (elec)
rCold  . . .     Gourm    .     c - +1 leather armour
rNeg   + . .     Faith    .     (no shield)
rPois  .         Spirit   .     (no helmet)
rElec  .         Reflect  .     (no cloak)
rCorr  .         Harm     .     n - +1 pair of gloves
MR     .....                    (no boots)
Stlth  ++........               (no amulet)
                                (no ring)
                                k - ring of positive energy

@: flying
A: no striking features
a: no special abilities


You were on level 4 of the Dungeon.
You were not hungry.

You visited 1 branch of the dungeon, and saw 4 of its levels.

You collected 128 gold pieces.

Inventory:

Hand Weapons
 a - a +2 hand crossbow
 b - a +0 short sword
 o - a +0 whip of electrocution (weapon)
Missiles
 d - 30 bolts
Armour
 c - a +1 leather armour (worn)
 n - a +1 pair of gloves (worn)
Jewellery
 g - an uncursed amulet of guardian spirit {unknown}
 k - a ring of positive energy (left hand)
Scrolls
 e - a scroll of recharging
 l - 2 scrolls of enchant armour
 m - a scroll of remove curse
 p - a scroll of noise {unknown}
Potions
 i - a potion of lignification {unknown}
 q - a potion of flight
Comestibles
 f - 4 bread rations
 h - a slice of pizza


   Skills:
 + Level 3.0 Fighting
 + Level 1.3 Short Blades
 + Level 1.0 Maces & Flails
 + Level 6.0 Crossbows
 + Level 1.5 Armour
 + Level 2.5 Dodging
 + Level 1.8 Stealth


You had 5 spell levels left.
You didn't know any spells.

Dungeon Overview and Level Annotations

Branches:
Dungeon (4/15)
 Temple: D:4-7

Altars:
Elyvilon
Kikubaaqudgha


Message History

You see here a war axe.
You enter the shallow water.
Moving in this stuff is going to be slow.
The ogre closely misses you.
It was a potion of flight.
You feel very buoyant.
You fly up into the air.
The ogre barely misses you.
You hit the ogre.
The ogre is heavily wounded.
The ogre hits you with a giant club!
* * * LOW HITPOINT WARNING * * *
You barely miss the ogre.
The ogre is heavily wounded.
The ogre hits you but does no damage.
It was a potion of curing.
You feel better.
You hit the ogre.
The ogre is severely wounded.
The ogre hits you with a giant club!
You die...

######....# #.#
##......# #.#
#.......# ###.##
#...###.### #.....
#...###...# #.....
#.##..##....###.....
#........_..........
#######....##.......
#.O@# #...###...#.<.
#.### ###.###..##...
#.### #...........
#...#####......###..
#............#......
#............#......
##...........#...÷..
#...........#......
#.....⌠..≈........#


You could see an ogre.

Vanquished Creatures
  The ghost of ssaxu the Magician, an amateur HuWr (D:3)
  A howler monkey (D:4)
  An iguana (D:4)
  3 gnolls (D:3)
  4 adders
  An adder skeleton (D:4)
  3 worms
  2 dart slugs
  An orc (D:3)
  8 bats
  4 giant cockroaches
  5 goblins
  7 hobgoblins
  9 jackals
  A quokka (D:3)
  3 ball pythons
  3 frilled lizards
  A jackal skeleton (D:4)
  2 kobolds (D:1)
  A leopard gecko skeleton (D:4)
  10 rats
71 creatures vanquished.

Notes
Turn   | Place    | Note
-------+----------+-------------------------------------------
     0 | D:1      | shezar the High Elf Hunter began the quest for the Orb.
     0 | D:1      | Reached XP level 1. HP: 14/14 MP: 2/2
   203 | D:1      | Reached XP level 2. HP: 19/19 MP: 3/3
   640 | D:2      | Reached XP level 3. HP: 24/24 MP: 4/4
   645 | D:2      | Reached skill level 5 in Crossbows
   800 | D:2      | Reached skill level 1 in Short Blades
  1135 | D:3      | Reached XP level 4. HP: 26/29 MP: 5/5
  1280 | D:3      | Reached skill level 1 in Armour
  1310 | D:3      | Noticed ssaxu's ghost (amateur HuWr)
  1322 | D:3      | Killed ssaxu's ghost
  1322 | D:3      | Reached XP level 5. HP: 27/35 MP: 6/6
  1452 | D:4      | Found an ancient bone altar of Kikubaaqudgha.
  1463 | D:4      | Reached skill level 1 in Maces & Flails
  1498 | D:4      | Found a white marble altar of Elyvilon.
  1577 | D:4      | Reached skill level 6 in Crossbows
  1577 | D:4      | Reached XP level 6. HP: 40/42 MP: 7/7
  1668 | D:4      | HP: 2/42 [ogre/giant club (16)]
  1671 | D:4      | Slain by an ogre

Skill      XL: |  1  2  3  4  5 |
---------------+----------------+-----
Crossbows      | 5 6 |  6.0
Short Blades   | 1 |  1.3
Armour         | 1 |  1.5
Maces & Flails | 1 |  1.0
Fighting       | 3 |  3.0
Dodging        | |  2.5
Stealth        | |  1.8

Action                   |  1- 3 |  4- 6 || total
-------------------------+-------+-------++-------
Melee: Short sword       |    47 |       ||    47
       Whip              |    18 |    28 ||    46
 Fire: Hand crossbow     |    68 |    44 ||   112
  Use: Scroll            |     9 |     1 ||    10
       Potion            |       |     2 ||     2
  Eat: Meat ration       |     1 |       ||     1
Armor: Leather armour    |    30 |    10 ||    40
Dodge: Dodged            |    66 |    18 ||    84
